 Dungeon Crawl Stone Soup version 0.29.0-4-gdea44cf6ec (webtiles) character file.

Game seed: 2181211509364390008

50 qw the Sneak (level 3, -9/29 HPs)
             Began as a Ghoul Enchanter on Sept 6, 2022.
             Killed from afar by Robin (14 damage)
             ... with a bolt of light
             ... on level 2 of the Dungeon.
             The game lasted 00:00:50 (2621 turns).

qw the Sneak (Ghoul Enchanter)                      Turns: 2621, Time: 00:00:51

Health: -9/29      AC:  5    Str: 13    XL:     3   Next: 79%
Magic:  4/4        EV: 10    Int: 10    God:
Gold:   76         SH:  0    Dex:  9    Spells: 5/5 levels left

rFire   . . .      SeeInvis .   Y - -2 hand axe (drain)
rCold   + . .      Faith    .   (no shield)
rNeg    + + +      Spirit   .   h - +0 ring mail
rPois   inf        Reflect  .   (no helmet)
rElec   .          Harm     .   (no cloak)
rCorr   .          Rampage  .   (no gloves)
Will    .....                   (no boots)
Stlth   +.........              (no amulet)
HPRegen 0.00/turn               (no ring)
MPRegen 0.09/turn               (no ring)

@: inhibited regen
A: claws 1, cold resistance 1, negative energy resistance 3, inhibited
regeneration, torment resistance 2, devour on kill
a: no special abilities


You were on level 2 of the Dungeon.
You visited 1 branch of the dungeon, and saw 2 of its levels.

You collected 76 gold pieces.


Innate Abilities, Weirdness & Mutations

You are immune to poison.
You have sharp fingernails.
Your flesh is cold resistant. (rC+)
You are immune to negative energy. (rN+++)
You do not regenerate when monsters are visible.
You are immune to unholy pain and torment.
You thrive by killing the living.


   Skills:
 - Level 2.0 Fighting
 - Level 0.8 Short Blades
 + Level 2.2 Axes
 - Level 1.7 Dodging
 - Level 3.2 Stealth
 - Level 1.7 Spellcasting
 - Level 2.4 Hexes


You had 5 spell levels left.
You didn't know any spells.
Your spell library contained the following spells:

 Spells                   Type           Power      Damage    Failure   Level
 Ensorcelled Hibernation  Hex/Ice        6%         N/A       54%         2
 Confusing Touch          Hex            5%         N/A       61%         3
 Tukima's Dance           Hex            5%         N/A       61%         3
 Dazzling Flash           Conj/Hex       6%         N/A       78%         3

Inventory:

Hand Weapons
 g - a +0 mace
 Y - a -2 hand axe of draining (weapon)
Armour
 h - a +0 ring mail (worn)
Potions
 d - a potion of mutation {unknown}
 f - a potion of brilliance {unknown}
 i - a potion of heal wounds {unknown}

Dungeon Overview and Level Annotations

Branches:
Dungeon (2/15)

Altars:

Annotations:
D:2 Robin


Message History

You feel better.
You hit the goblin. x2
The goblin hits you with a +0 dagger. x3
You barely miss the goblin.
The goblin is severely wounded.
You closely miss the goblin. You hit the goblin.
The goblin hits you with a +0 dagger. The goblin hits you but does no damage.
Robin flexes a bicep menacingly.
The goblin barely misses you.
You closely miss the goblin.
The goblin is almost dead.
You closely miss the goblin. You barely miss the goblin.
The goblin hits you with a +0 dagger. Robin throws the goblin at you!
The goblin hits you with a +0 club. The goblin hits you with a +0 dagger.
The goblin hits you but does no damage.
You closely miss the goblin.
The goblin is almost dead.
You hit the goblin but do no damage. You barely miss the goblin.
You hit the goblin. The goblin closely misses you.
The goblin hits you but does no damage. The goblin hits you with a +0 club.
A goblin comes into view. It is wielding a +0 club.
The goblin hits you but does no damage. The goblin closely misses you.
The goblin hits you but does no damage. The goblin closely misses you.
You hit the goblin.
You kill the goblin!
You closely miss the goblin. You hit the goblin.
You kill the goblin!
You hit the goblin. You drain the goblin.
You kill the goblin!
You feel better. The goblin closely misses you.
You hit the goblin.
The goblin is severely wounded.
You closely miss Robin. Robin completely misses you.
The goblin closely misses you.
You closely miss the goblin.
The goblin is severely wounded.
You hit Robin.
Robin zaps a wand.
The bolt of light hits you!
You die...

. .g .# g.. #.# ....
#.# g....#######
#.#+#######
.......gg@)##
#.........#
######.!g)..#
#.........#
#......####.........#
+......'...>........#
#......####'#####...#
+......# #...........
#......# #...........
#......# #...........
#......# #...........


You could see Robin and 2 goblins.

Vanquished Creatures
  2 dart slugs (D:1)
  4 bats (D:1)
  An endoplasm (D:2)
  2 giant cockroaches
  12 goblins
  5 hobgoblins
  2 jackals (D:2)
  A kobold (D:1)
  3 ball pythons
  2 frilled lizards (D:1)
  5 rats (D:1)
39 creatures vanquished.

Notes
Turn   | Place    | Note
-------+----------+-------------------------------------------
     0 | D:1      | qw the Ghoul Enchanter began the quest for the Orb.
     0 | D:1      | Reached XP level 1. HP: 14/14 MP: 2/2
     0 | D:1      | 0 ||| qw: Version: 0.1-a-108-g9e35731
     0 | D:1      | 0 ||| qw: Game counter: 6382
     0 | D:1      | 0 ||| qw: Always use a shield: true
     0 | D:1      | 0 ||| qw: God list: Okawaru
     0 | D:1      | 0 ||| qw: Allow faded altars: false
     0 | D:1      | 0 ||| qw: Do Orc after D:15 true
     0 | D:1      | 0 ||| qw: Do second Lair branch before Depths: true
     0 | D:1      | 0 ||| qw: Lair rune preference: random
     0 | D:1      | 0 ||| qw: Plans: Normal
     0 | D:1      | 0 ||| PLANNING D:1-11
    15 | D:1      | HP: 2/14 [goblin/+0 club (3)]
   267 | D:1      | 267 ||| SWAPPING to +0 club.
   268 | D:1      | 268 ||| DROPPING +1 dagger.
   290 | D:1      | 290 ||| SWAPPING to +0 mace.
   354 | D:1      | 354 ||| DROPPING +0 club.
   407 | D:1      | Reached skill level 1 in Axes
   482 | D:1      | Reached skill level 1 in Fighting
   482 | D:1      | Reached XP level 2. HP: 21/23 MP: 3/3
   521 | D:1      | 521 ||| Stepping ~*~*~tactically~*~*~ (stealth).
   891 | D:1      | 891 ||| Stepping ~*~*~tactically~*~*~ (hiding).
   993 | D:1      | 993 ||| Stepping ~*~*~tactically~*~*~ (hiding).
  1095 | D:1      | 1095 ||| Stepping ~*~*~tactically~*~*~ (hiding).
  1197 | D:1      | 1197 ||| Stepping ~*~*~tactically~*~*~ (hiding).
  1299 | D:1      | 1299 ||| Stepping ~*~*~tactically~*~*~ (hiding).
  1401 | D:1      | 1401 ||| Stepping ~*~*~tactically~*~*~ (hiding).
  1503 | D:1      | 1503 ||| Stepping ~*~*~tactically~*~*~ (hiding).
  1605 | D:1      | 1605 ||| Stepping ~*~*~tactically~*~*~ (hiding).
  1707 | D:1      | 1707 ||| Stepping ~*~*~tactically~*~*~ (hiding).
  1708 | D:1      | 1708 ||| Stepping ~*~*~tactically~*~*~ (hiding).
  1724 | D:1      | 1724 ||| Stepping ~*~*~tactically~*~*~ (stealth).
  1725 | D:1      | 1725 ||| Stepping ~*~*~tactically~*~*~ (stealth).
  1729 | D:1      | 1729 ||| Stepping ~*~*~tactically~*~*~ (stealth).
  1734 | D:1      | Reached XP level 3. HP: 28/28 MP: 4/4
  1759 | D:1      | 1759 ||| DROPPING +2 short sword of venom.
  2001 | D:1      | Found a faded altar of an unknown god.
  2006 | D:1      | 2006 ||| SWAPPING to -2 hand axe of draining.
  2009 | D:1      | 2009 ||| Stepping ~*~*~tactically~*~*~ (stealth).
  2323 | D:1      | 2323 ||| UPGRADING to +0 ring mail.
  2333 | D:1      | 2333 ||| DROPPING +0 robe.
  2334 | D:1      | 2334 ||| READING scroll labelled ETUWIBL PIPP.
  2335 | D:1      | 2335 ||| READING scroll labelled SUUKKEPNAE.
  2336 | D:1      | 2336 ||| DROPPING 2 potions of invisibility.
  2486 | D:2      | 2486 ||| Stepping ~*~*~tactically~*~*~ (hiding).
  2588 | D:2      | 2588 ||| Stepping ~*~*~tactically~*~*~ (hiding).
  2589 | D:2      | Noticed Robin
  2590 | D:2      | 2590 ||| Stepping ~*~*~tactically~*~*~ (stealth).
  2598 | D:2      | 2598 ||| Stepping ~*~*~tactically~*~*~ (stealth).
  2617 | D:2      | HP: 7/29 [goblin/+0 dagger[Robin] (2)]
  2618 | D:2      | HP: 3/29 [goblin/+0 club[Robin] (4)]
  2621 | D:2      | Killed from afar by Robin

Levels and vault maps discovered:
D:1:      wander_arrival_desolate, layout_loops_ring,
          ebering_ecumenical_altar_rust, serial_bayou_pond_e
D:2:      minmay_wonky_spiral, layout_basic, chequers_serial_rivers_small_b,
          uniq_robin

Skill      XL: |  1  2  3 |
---------------+----------+-----
Axes           | 1 2 |  2.2
Fighting       | 1 2 |  2.0
Short Blades   | |  0.8
Dodging        | |  1.7
Stealth        | |  3.2
Spellcasting   | |  1.7
Hexes          | |  2.4

Action                   || total
-------------------------++-------
Melee: Mace              ||    64
       Dagger            ||    10
       Punch             ||     1
       Hand axe          ||    59
  Use: Scroll            ||     2
Armor: Robe              ||    19
       Ring mail         ||    16
Dodge: Dodged            ||    98

Table legend:
 A = Non-vault XP
 B = Vault XP
 C = Vault XP percentage of total XP
 D = Non-vault monster count
 E = Vault monster count
 F = Vault count percentage of total count
                 A         B        C        D         E       F
            +---------+---------+-------+---------+---------+-------
      Total |      54 |      18 |  25.0 |      30 |       9 |  23.1
            +---------+---------+-------+---------+---------+-------
        D:1 |      45 |       0 |   0.0 |      25 |       0 |   0.0
        D:2 |       9 |      18 |  66.7 |       5 |       9 |  64.3
            +---------+---------+-------+---------+---------+-------
